 Dungeon Crawl Stone Soup version 0.22.1-2-g9c5b331 (webtiles) character file.

303 Lilu the Covered (level 6, 0/47 HPs)
             Began as a Gnoll Wanderer on Nov 15, 2018.
             Slain by an iguana (10 damage)
             ... on level 4 of the Dungeon.
             The game lasted 00:12:44 (2998 turns).

Lilu the Covered (Gnoll Wanderer)                   Turns: 2998, Time: 00:12:45

Health: 0/47       AC: 14    Str: 15    XL:     6   Next: 38%
Magic:  8/8        EV: 10    Int: 18    God:
Gold:   118        SH:  0    Dex: 12    Spells: 8/8 levels left

rFire    + . .     SeeInvis .   h - +0 hand axe
rCold    . . .     Gourm    .   (no shield)
rNeg     . . .     Faith    .   a - +2 scale mail
rPois    .         Spirit   .   o - +1 helmet
rElec    +         Reflect  .   p - +0 cloak
rCorr    .         Harm     .   j - +0 pair of gloves
MR       .....                  (no boots)
Stlth    ..........             (no amulet)
HPRegen  0.15/turn              i - ring of Syndicalism {rElec rF+}
MPRegen  0.11/turn              y - ring of attention (curse)

@: no status effects
A: distributed training, fangs 1, strong nose
a: no special abilities


You were on level 4 of the Dungeon.
You were not hungry.

You visited 1 branch of the dungeon, and saw 4 of its levels.

You collected 118 gold pieces.

Inventory:

Hand Weapons
 b - a +0 hand crossbow
 h - a +0 hand axe (weapon)
 s - a +0 blowgun
 v - a +0 spear
Missiles
 c - 28 bolts
 g - 100 stones (quivered)
 q - 34 arrows
 t - 15 poisoned needles
Armour
 a - a +2 scale mail (worn)
 j - a +0 pair of gloves (worn)
 o - a +1 helmet (worn)
 p - a +0 cloak (worn)
Jewellery
 i - the ring of Syndicalism (left hand) {rElec rF+}
   (You took it off an orc on level 3 of the Dungeon)

   [ring of protection from fire]

   It protects you from fire.
   It insulates you from electricity.
 y - a cursed ring of attention (right hand)
Wands
 m - a wand of polymorph (5)
Scrolls
 k - 3 scrolls of remove curse {unknown}
 n - a scroll of enchant weapon {unknown}
 r - 2 scrolls of magic mapping {unknown}
 w - a scroll of amnesia {unknown}
 A - a scroll of teleportation {unknown}
Potions
 e - a potion of lignification {unknown}
 l - a potion of curing {unknown}
 u - a potion of flight {unknown}
 x - a potion of berserk rage {unknown}
 z - a potion of mutation {unknown}
Comestibles
 d - 5 rations


   Skills:
 + Level 3.2 Fighting
 + Level 1.9 Short Blades
 + Level 1.9 Long Blades
 + Level 1.9 Axes
 + Level 1.9 Maces & Flails
 + Level 1.9 Polearms
 + Level 1.9 Staves
 + Level 1.9 Slings
 + Level 1.9 Bows
 + Level 3.2 Crossbows
 + Level 1.9 Throwing
 + Level 6.8 Armour
 + Level 1.9 Dodging
 + Level 1.9 Stealth
 + Level 4.9 Shields
 + Level 1.9 Unarmed Combat
 + Level 1.9 Spellcasting
 + Level 1.5 Conjurations
 + Level 1.5 Hexes
 + Level 4.1 Charms
 + Level 1.5 Summonings
 + Level 1.5 Necromancy
 + Level 1.5 Translocations
 + Level 1.5 Transmutations
 + Level 1.5 Fire Magic
 + Level 2.6 Ice Magic
 + Level 1.5 Air Magic
 + Level 1.5 Earth Magic
 + Level 1.5 Poison Magic
 + Level 2.1 Invocations
 + Level 1.9 Evocations


You had 8 spell levels left.
You didn't know any spells.
Your spell library was empty.

Dungeon Overview and Level Annotations

Branches:
Dungeon (4/15)
 Temple: D:4-7

Altars:
Uskayaw


Innate Abilities, Weirdness & Mutations

Your experience applies equally to all skills.
You have very sharp teeth.
Your uncanny sense of smell can sniff out nearby items.


Message History

The iguana is moderately wounded.
The iguana closely misses you.
You hit the iguana.
The iguana is heavily wounded.
The iguana bites you.
The iguana bites you but does no damage.
You hit the iguana.
The iguana is almost dead.
The iguana bites you!
* * * LOW HITPOINT WARNING * * *
Okay, then.
Unknown command.
The iguana bites you but does no damage.
There is an open door here.
There is an open door here.
There is a stone staircase leading up here.
You barely miss the iguana.
The iguana is almost dead.
The iguana bites you!
You die...

.....#......... ∆ ∆ ...#.........
.# .'....... ..#### #....#
########+....##########....##
........#.............).....#
oa####+.#...................# ∆
.#o.o.#.#..........))......)# ..
.#.##.#.#......l@...........+ ...
.#.##.#.#....o..............#....
.#...o#.#..o................#....
.+####'.#.o#######...##...###..#
........#..##.#########...###..##
########'........# #.........#
................# #.........#
................# +.........#
................# #.........#


You could see an iguana and 3 orcs.

Vanquished Creatures
  A hound (D:4)
  4 orc wizards
  2 hound skeletons
  6 adders
  A worm (D:4)
  A dart slug (D:4)
  3 leopard geckos
  8 orcs
  11 bats
  5 giant cockroaches
  2 goblins (D:2)
  11 hobgoblins
  5 jackals
  A quokka (D:4)
  A ball python (D:3)
  9 frilled lizards
  5 kobolds
  7 rats
83 creatures vanquished.

Notes
Turn   | Place    | Note
-------+----------+-------------------------------------------
     0 | D:1      | Lilu the Gnoll Wanderer began the quest for the Orb.
     0 | D:1      | Lilu set off with: a +2 scale mail, a +0 hand crossbow, 22
                  | bolts, a ration
     0 | D:1      | Reached XP level 1. HP: 17/17 MP: 1/1
   147 | D:1      | Reached XP level 2. HP: 23/23 MP: 2/2
   673 | D:2      | Reached XP level 3. HP: 28/28 MP: 3/3
   713 | D:2      | Reached skill level 1 in Invocations
   847 | D:2      | Reached skill level 1 in Short Blades
   847 | D:2      | Reached skill level 1 in Long Blades
   847 | D:2      | Reached skill level 1 in Axes
   847 | D:2      | Reached skill level 1 in Maces & Flails
   847 | D:2      | Reached skill level 1 in Polearms
   847 | D:2      | Reached skill level 1 in Staves
   847 | D:2      | Reached skill level 1 in Slings
   847 | D:2      | Reached skill level 1 in Bows
   847 | D:2      | Reached skill level 1 in Throwing
   847 | D:2      | Reached skill level 1 in Dodging
   847 | D:2      | Reached skill level 1 in Stealth
   847 | D:2      | Reached skill level 1 in Unarmed Combat
   847 | D:2      | Reached skill level 1 in Spellcasting
   847 | D:2      | Reached skill level 1 in Evocations
   947 | D:2      | Reached XP level 4. HP: 19/34 MP: 5/5
  1915 | D:3      | Reached skill level 1 in Conjurations
  1915 | D:3      | Reached skill level 1 in Hexes
  1915 | D:3      | Reached skill level 1 in Summonings
  1915 | D:3      | Reached skill level 1 in Necromancy
  1915 | D:3      | Reached skill level 1 in Translocations
  1915 | D:3      | Reached skill level 1 in Transmutations
  1915 | D:3      | Reached skill level 1 in Fire Magic
  1915 | D:3      | Reached skill level 1 in Air Magic
  1915 | D:3      | Reached skill level 1 in Earth Magic
  1915 | D:3      | Reached skill level 1 in Poison Magic
  1915 | D:3      | Reached XP level 5. HP: 27/40 MP: 6/6
  1921 | D:3      | Found a hide-covered altar of Uskayaw.
  2015 | D:3      | Got a wavering iron ring
  2607 | D:4      | Identified the ring of Syndicalism {rElec rF+} (You took it
                  | off an orc on level 3 of the Dungeon)
  2684 | D:4      | Reached XP level 6. HP: 31/47 MP: 8/8
  2998 | D:4      | Slain by an iguana

Skill      XL: |  1  2  3  4  5  6 |
---------------+-------------------+-----
Ice Magic      | 2 |  2.6
Invocations    | 1 2 |  2.1
Short Blades   | 1 |  1.9
Long Blades    | 1 |  1.9
Axes           | 1 |  1.9
Maces & Flails | 1 |  1.9
Polearms       | 1 |  1.9
Staves         | 1 |  1.9
Slings         | 1 |  1.9
Bows           | 1 |  1.9
Throwing       | 1 |  1.9
Dodging        | 1 |  1.9
Stealth        | 1 |  1.9
Unarmed Combat | 1 |  1.9
Spellcasting   | 1 |  1.9
Evocations     | 1 |  1.9
Conjurations   | 1 |  1.5
Hexes          | 1 |  1.5
Summonings     | 1 |  1.5
Necromancy     | 1 |  1.5
Translocations | 1 |  1.5
Transmutations | 1 |  1.5
Fire Magic     | 1 |  1.5
Air Magic      | 1 |  1.5
Earth Magic    | 1 |  1.5
Poison Magic   | 1 |  1.5
Fighting       | 3 |  3.2
Crossbows      | 3 |  3.2
Charms         | 4 |  4.1
Armour         | |  6.8
Shields        | |  4.9

Action                   |  1- 3 |  4- 6 || total
-------------------------+-------+-------++-------
Melee: Hand axe          |    89 |   173 ||   262
       Bite              |     5 |    17 ||    22
       Spear             |       |    36 ||    36
 Fire: Hand crossbow     |    29 |    26 ||    55
  Eat: Chunk             |       |     7 ||     7
Armor: Scale mail        |    75 |   135 ||   210
Dodge: Dodged            |    56 |   128 ||   184
